 Dungeon Crawl Stone Soup version 0.30-a0-743-gbfdf073431 (webtiles) character file.

Game seed: 4643192059227093512

751 kingofthe the Sneak (level 7, -17/41 HPs)
             Began as an Octopode Conjurer on Feb 8, 2023.
             Demolished by Duvessa
             ... wielding a +0 short sword
              (20 damage)
             ... on level 4 of the Dungeon.
             The game lasted 00:20:22 (5744 turns).

kingofthe the Sneak (Octopode Conjurer)             Turns: 5744, Time: 00:20:22

Health: -17/41     AC:  1    Str:  6    XL:     7   Next: 78%
Magic:  12/31      EV: 14    Int: 20    God:
Gold:   246        SH:  0    Dex: 13    Spells: 8/15 levels left

rFire   . . .      SeeInvis .    t - +2 long sword
rCold   . . .      Faith    .    (no shield)
rNeg    . . .      Spirit   .    (helmet restricted)
rPois   +          Reflect  .    F - amulet of the acrobat
rElec   .          Harm     .    z - ring of magical power
rCorr   .          Rampage  .    C - ring of magical power
Will    .....                    B - ring of poison resistance
Stlth   ++++                     (no ring)
HPRegen 0.26/turn                (no ring)
MPRegen 0.22/turn                (no ring)
                                 (no ring)
                                 (no ring)

@: no status effects
A: almost no armour, amphibious, 8 rings, camouflage 1, gelatinous body 1,
(nimble swimmer 1), tentacles
a: no special abilities


You were on level 4 of the Dungeon.
You visited 1 branch of the dungeon, and saw 4 of its levels.
You also visited: Sewer.

You collected 246 gold pieces.

Inventory:

Hand Weapons
 d - a +0 great mace of holy wrath
 i - a +0 short sword
 t - a +2 long sword (weapon)
Missiles
 w - 2 throwing nets
Armour
 o - an orb of energy
Jewellery
 z - a ring of magical power (left tentacle)
 B - a ring of poison resistance (on tentacle)
 C - a ring of magical power (right tentacle)
 F - an amulet of the acrobat (around mantle)
Wands
 A - a wand of flame (13)
Scrolls
 c - a scroll of blinking {unknown}
 e - 3 scrolls of vulnerability {unknown}
 j - 7 scrolls of identify {unknown}
 k - a scroll of acquirement {unknown}
 l - 2 scrolls of fog {unknown}
 r - a scroll of amnesia {unknown}
 x - 2 scrolls of butterflies {unknown}
 D - 2 scrolls of enchant weapon {unknown}
 E - a scroll of torment {unknown}
Potions
 a - 2 potions of magic
 b - 3 potions of brilliance {unknown}
 f - a potion of flight {unknown}
 g - 5 potions of cancellation {unknown}
 h - a potion of degeneration {unknown}
 m - a potion of ambrosia {unknown}
 n - 2 potions of might {unknown}
 p - a potion of attraction {unknown}
 q - a potion of invisibility {unknown}
 s - a potion of mutation {unknown}
 u - 3 potions of heal wounds {unknown}
 v - a potion of curing {unknown}


   Skills:
 * Level 4.2 Dodging
 + Level 6.0 Stealth
 + Level 4.5 Spellcasting
 + Level 5.4 Conjurations
 + Level 2.0 Hexes


You had 8 spell levels left.
You knew the following spells:

 Your Spells              Type           Power      Damage    Failure   Level
a - Magic Dart            Conj           100%       1d8       1%          1
b - Searing Ray           Conj           52%        2d6       1%          2
c - Dazzling Flash        Conj/Hex       38%        N/A       8%          3
d - Apportation           Tloc           8%         N/A       12%         1

Your spell library contained the following spells:

 Spells                   Type           Power      Damage    Failure   Level
 Necrotise                Necr           16%        1d4       12%         1
 Summon Small Mammal      Summ           16%        N/A       12%         1
 Inner Flame              Hex/Fire       8%         N/A       24%         3
 Fulminant Prism          Conj/Hex       9%         3d7       26%         4
 Iskenderun's Mystic Bla  Conj/Tloc      15%        2d5       36%         4
 Cause Fear               Hex            6%         N/A       45%         4
 Discord                  Hex            6%         N/A       100%        8


Dungeon Overview and Level Annotations

Branches:
Dungeon (4/15)              Sewer (visited)
 Temple: D:4-7

Altars:
Gozag
Zin

Annotations:
D:4 Duvessa


Innate Abilities, Weirdness & Mutations

You cannot wear most types of armour.
You are amphibious.
You can wear up to eight rings at the same time.
Your skin changes colour to match your surroundings (Stealth+).
Your rubbery body absorbs attacks. (AC +1, EV +1)
((You are camouflaged when in or above water. (Stealth+)))
You have tentacles for arms and can constrict up to eight enemies at once.


Message History

Confirm with . or Enter, or press ? or * to list all spells.
Casting: Dazzling Flash (dangerous; 8% risk of failure)
Press: ? - help, Dir - look around, f - activate Duvessa is dazzled.
Duvessa barely misses you. The ogre misses you.
Okay, then.
Casting: Dazzling Flash (dangerous; 8% risk of failure)
Confirm with . or Enter, or press ? or * to list all spells.
Okay, then.
Casting: Dazzling Flash (dangerous; 8% risk of failure)
Confirm with . or Enter, or press ? or * to list all spells.
Aiming: Searing Ray (safe; 1% risk of failure)
Press: ? - help, Shift-Dir - straight line, f - Duvessa
Aim: Duvessa, wielding a +0 short sword and wearing a +0 ring mail (severely wounded, berserk, blind, 85% to hit)
Okay, then.
Aiming: Dig
Press: ? - help, Shift-Dir - straight line A rock wall.
The rock shatters into small pieces.
The now-empty wand crumbles to dust.
Duvessa hits you with a +0 short sword.
* * * LOW HITPOINT WARNING * * *
Duvessa hits you with a +0 short sword.
* * * LOW HITPOINT WARNING * * *
The ogre completely misses you.
Duvessa is no longer blind.
Duvessa rages.
Duvessa completely misses you. Duvessa attacks as you move away!
Duvessa misses you.
Casting: Searing Ray (safe; 1% risk of failure)
Confirm with . or Enter, or press ? or * to list all spells.
Aiming: Searing Ray (safe; 1% risk of failure)
Press: ? - help, Shift-Dir - straight line, f - Duvessa
Aim: Duvessa, wielding a +0 short sword and wearing a +0 ring mail (severely wounded, berserk, 85% to hit)
The searing ray hits Duvessa!
Duvessa is almost dead.
The searing ray hits the ogre.
The ogre is lightly wounded. (Press . to maintain the ray.) Duvessa closely misses you.
Duvessa hits you with a +0 short sword!!
You die...

####.# #.#.# #....#########
..##.# #.#.# #..### ..##.#
#.#.####..###### ..##.#
#.#.##.........# ..'..#
#.#.#..#.......# ..####
#.#...##.......#
###########...#####)######
#........##...#####.#
#...............@eO.# ###
#.........#.#.#####'#####.## ##
............#..............# #.
.........########..........# #.
...>.......................# ###.
.........########..........###...
.........# #.......<....##..##.
.........# #.#####......#.####+
.############# #.O...........


You could see Duvessa (berserk) and an ogre.

Vanquished Creatures
  Grinder (Sewer)
  A necrophage (Sewer)
  A scorpion (D:3)
  2 wights (Sewer)
  Dowan (D:4)
  2 orc priests (D:3)
  An iguana (D:4)
  4 gnolls
  An adder (D:2)
  4 shadow imps (Sewer)
  3 ufetubi (Sewer)
  5 worms
  4 dart slugs
  7 orcs
  8 ball pythons
  A bat zombie (Sewer)
  12 endoplasms
  8 giant cockroaches
  7 goblins
  7 hobgoblins
  3 jackals (D:1)
  2 quokkas
  4 bats
  5 frilled lizards
  19 kobolds
  A kobold zombie (Sewer)
  5 rats
119 creatures vanquished.

Notes
Turn   | Place    | Note
-------+----------+-------------------------------------------
     0 | D:1      | kingofthe the Octopode Conjurer began the quest for the
                  | Orb.
     0 | D:1      | Reached XP level 1. HP: 11/11 MP: 3/3
   215 | D:1      | Reached XP level 2. HP: 12/17 MP: 0/5
   233 | D:1      | Reached skill level 3 in Stealth
   337 | D:1      | Learned a level 2 spell: Searing Ray
   574 | D:1      | Reached XP level 3. HP: 21/21 MP: 3/6
  1100 | D:1      | Found a faded altar of an unknown god.
  2165 | D:2      | Reached XP level 4. HP: 27/27 MP: 2/8
  2512 | D:3      | Noticed a scorpion
  2729 | D:3      | Found a glowing drain.
  2756 | Sewer    | Entered a sewer
  2762 | Sewer    | Reached XP level 5. HP: 24/31 MP: 5/9
  2819 | Sewer    | Reached skill level 4 in Stealth
  3117 | Sewer    | Found an ancient bone altar of Kikubaaqudgha.
  3306 | Sewer    | Reached XP level 6. HP: 28/36 MP: 6/11
  3401 | Sewer    | Learned a level 3 spell: Dazzling Flash
  3427 | Sewer    | Learned a level 1 spell: Apportation
  3490 | Sewer    | Reached skill level 5 in Stealth
  3590 | Sewer    | Noticed Grinder
  3636 | Sewer    | Paralysed by Grinder for 3 turns
  3640 | Sewer    | Killed Grinder
  3641 | Sewer    | Reached skill level 5 in Conjurations
  3641 | Sewer    | Reached skill level 1 in Hexes
  3641 | Sewer    | Reached XP level 7. HP: 38/41 MP: 1/13
  4169 | D:3      | Found an opulent altar of Gozag.
  4321 | D:3      | Found a glowing silver altar of Zin.
  5712 | D:4      | Noticed Duvessa
  5712 | D:4      | Noticed Dowan
  5735 | D:4      | Killed Dowan
  5736 | D:4      | Reached skill level 6 in Stealth
  5740 | D:4      | HP: 2/41 [Duvessa/+0 short sword (2)]
  5744 | D:4      | Demolished by Duvessa

Illustrated notes

Levels and vault maps discovered:
D:1:      shiori_arrival_oz, layout_basic,
          dreamdust_ecumenical_altar_hidden_monk_grotto, minmay_hedge_maze
D:2:      layout_basic
D:3:      layout_loops_ring, pdpol_temple_overflow_zin_treasury_gozag_greed,
          cheibrodos_sewer_entry_sluice
D:4:      dreamdust_elfheim, layout_basic, interstate_on_off, nicolae_wormholes

Skill      XL: |  1  2  3  4  5  6  7 |
---------------+----------------------+-----
Stealth        | 3 4 5 6 |  6.0
Spellcasting   | 3 4 |  4.5
Dodging        | 3 4 |  4.2
Conjurations   | 5 |  5.4
Hexes          | 1 2 |  2.0

Action                     |  1- 3 |  4- 6 |  7- 9 || total
---------------------------+-------+-------+-------++-------
  Melee: Unarmed           |    10 |       |       ||    10
         Tentacles         |     2 |     1 |       ||     3
         Constrict         |     2 |     1 |       ||     3
         Long sword        |       |     2 |       ||     2
   Cast: Magic Dart        |    59 |    69 |    64 ||   192
         Searing Ray       |    11 |    17 |    17 ||    45
         Dazzling Flash    |       |       |     4 ||     4
  Evoke: Wand              |       |       |     1 ||     1
 Armour: Skin              |     2 |     2 |     1 ||     5
  Dodge: Dodged            |    23 |    22 |    23 ||    68

Table legend: (Time is in decaauts)
 A = Elapsed time spent in this place.
 B = Non-inter-level travel time spent in this place.
 C = Inter-level travel time spent in this place.
 D = Time resting spent in this place.
 E = Time spent auto-exploring this place.
 F = Levels seen in this place.
 G = Mean time per level.
                   A        B        C        D        E       F      G
               +--------+--------+--------+--------+--------+-----+--------+
         Total |   5746 |   5481 |    265 |    947 |   3581 |   5 | 1149.2 |
       Dungeon |   4765 |   4500 |    265 |    536 |   3311 |   4 | 1191.2 |
         Sewer |    981 |    981 |      0 |    411 |    270 |   1 |  981.0 |
               +--------+--------+--------+--------+--------+-----+--------+

Top non-repeatable levels by time:
     D:1: 1369 daAuts
     D:2: 1343 daAuts
     D:4: 1139 daAuts
   Sewer: 981 daAuts
     D:3: 912 daAuts
